 Dungeon Crawl Stone Soup version 0.28.0-45-g0d030f2227 (webtiles) character file.

Game seed: 18023649095689308805

170 Ablot the Cutter (level 5, -7/47 HPs)
             Began as a Gnoll Chaos Knight on Apr 11, 2022.
             Was a Plaything of Xom.
             Mangled by a sea snake (glowing shapeshifter) (19 damage)
             ... on level 4 of the Dungeon.
             The game lasted 00:04:09 (2588 turns).

Ablot the Cutter (Gnoll Chaos Knight)               Turns: 2588, Time: 00:04:09

Health: -7/47      AC:  9    Str: 13    XL:     5   Next: 51%
Magic:  7/7        EV: 12    Int: 11    God:    Xom [..*...]
Gold:   87         SH:  0    Dex: 12    Spells: 7/7 levels left

rFire   . . .      SeeInvis .   a - +0 short sword (chaos)
rCold   . . .      Faith    .   (no shield)
rNeg    . . .      Spirit   .   b - +2 leather armour
rPois   .          Reflect  .   (no helmet)
rElec   .          Harm     .   (no cloak)
rCorr   .          Rampage  .   (no gloves)
Will    +....                   (no boots)
Stlth   +.........              (no amulet)
HPRegen 0.15/turn               d - ring of willpower
MPRegen 0.10/turn               f - +4 ring of protection

@: lethally poisoned (-7 -> -27)
A: fangs 1, strong nose, distributed training
a: Renounce Religion


You were on level 4 of the Dungeon.
You worshipped Xom.
You were a toy of Xom.
You visited 1 branch of the dungeon, and saw 4 of its levels.

You collected 87 gold pieces.

Inventory:

Hand Weapons
 a - a +0 short sword of chaos (weapon)
 r - a +2 flail of holy wrath
Missiles
 e - 72 stones (quivered)
 j - 45 sling bullets
 l - 18 arrows
 p - 12 bolts
Armour
 b - a +2 leather armour (worn)
 k - an orb of energy
Jewellery
 d - a ring of willpower (left hand)
 f - a +4 ring of protection (right hand)
Wands
 t - a wand of iceblast (9)
Scrolls
 h - a scroll of blinking {unknown}
 i - a scroll of identify {unknown}
 m - a scroll of silence {unknown}
 o - a scroll of enchant weapon {unknown}
 s - a scroll of enchant armour {unknown}
 u - 4 scrolls of teleportation {unknown}
 v - a scroll of fog {unknown}
Potions
 c - a potion of lignification {unknown}
 g - a potion of haste {unknown}
 n - a potion of degeneration {unknown}
 q - a potion of flight {unknown}
 w - a potion of attraction {unknown}


   Skills:
 + Level 6.7 Fighting
 + Level 6.7 Short Blades
 + Level 1.5 Long Blades
 + Level 1.5 Axes
 + Level 1.5 Maces & Flails
 + Level 1.5 Polearms
 + Level 1.5 Staves
 + Level 1.5 Slings
 + Level 1.5 Bows
 + Level 1.5 Crossbows
 + Level 1.5 Throwing
 + Level 4.8 Armour
 + Level 3.0 Dodging
 + Level 1.5 Stealth
 + Level 1.5 Shields
 + Level 1.5 Unarmed Combat
 + Level 1.5 Spellcasting
 + Level 1.2 Conjurations
 + Level 1.2 Hexes
 + Level 1.2 Summonings
 + Level 1.2 Necromancy
 + Level 1.2 Translocations
 + Level 1.2 Transmutations
 + Level 1.2 Fire Magic
 + Level 1.2 Ice Magic
 + Level 1.2 Air Magic
 + Level 1.2 Earth Magic
 + Level 1.2 Poison Magic
 + Level 1.7 Invocations
 + Level 1.5 Evocations


You had 7 spell levels left.
You didn't know any spells.
Your spell library contained the following spells:

 Spells                   Type           Power      Damage    Failure   Level
 Corpse Rot               Necr/Air       6%         N/A       34%         2
 Poisonous Vapours        Pois/Air       6%         N/A       34%         2


Dungeon Overview and Level Annotations

Branches:
Dungeon (4/15)
 Temple: D:4-7

Altars:


Innate Abilities, Weirdness & Mutations

You have very sharp teeth.
Your uncanny sense of smell can sniff out nearby items.
Your experience applies equally to all skills.


Message History

The adder bites you but does no damage.
There is a stone staircase leading up here.
You hit the adder but do no damage. Your bite misses the adder.
The adder seems less confused.
The adder bites you but does no damage.
You barely miss the adder. You punch the adder.
The adder is moderately wounded.
The adder closely misses you.
You hit the adder but do no damage.
The adder is lightly wounded.
The adder closely misses you.
You hit the adder.
The adder changes into a glowing shapeshifter!
Xom roars with laughter!
The glowing shapeshifter is heavily wounded.
Xom's power touches on your mind for a moment.
The hobgoblin looks rather more confused.
The glowing shapeshifter looks rather confused.
The glowing shapeshifter changes into a sea snake!
You closely miss the sea snake.
The hobgoblin misses the sea snake.
You completely miss the sea snake.
You bite the sea snake, but do no damage.
The sea snake bites you!
You are poisoned.
The sea snake poisons you!
The hobgoblin gestures wildly.
You miss the sea snake. Your bite misses the sea snake.
You feel extremely sick. The sea snake barely misses you.
You barely miss the sea snake.
You feel very sick. The sea snake bites you!
You are too injured to fight recklessly!
You are too injured to fight recklessly!
You are too injured to fight recklessly!
Unknown command.
* * * LOW HITPOINT WARNING * * *
You feel very sick. The sea snake bites you!!
You die...
Xom titters!

....##.....#
...........####
...............
..............
............#
.......g...##
.......S....##
.......@.....##
...............
.....###....###
.>.. ....# .##
#...# #....
..^.# #####


You could see a sea snake shaped shifter and a hobgoblin (confused).

Vanquished Creatures
  A jelly (D:3)
  An orc wizard (D:3)
  Terence (D:2)
  11 dart slugs
  2 orcs
  6 ball pythons
  7 bats
  5 endoplasms
  4 giant cockroaches
  7 goblins
  3 hobgoblins
  6 kobolds
  4 quokkas
  5 frilled lizards
  5 rats
68 creatures vanquished.

Vanquished Creatures (others)
  A fungus (D:2)
  A plant (D:2)
2 creatures vanquished.

Grand Total: 70 creatures vanquished

Notes
Turn   | Place    | Note
-------+----------+-------------------------------------------
     0 | D:1      | Ablot the Gnoll Chaos Knight began the quest for the Orb.
     0 | D:1      | Reached XP level 1. HP: 23/23 MP: 1/1
    61 | D:1      | XOM: silly message
   103 | D:1      | Reached XP level 2. HP: 29/29 MP: 2/2
   279 | D:1      | XOM is BORED!
   279 | D:1      | XOM: noise
   614 | D:1      | XOM is BORED!
   614 | D:1      | XOM: noise
   795 | D:1      | Reached XP level 3. HP: 35/35 MP: 3/3
  1012 | D:2      | Found a faded altar of an unknown god.
  1099 | D:2      | XOM: noise
  1123 | D:2      | XOM: silly message
  1180 | D:2      | XOM: 1-stop teleportation journey
  1213 | D:2      | XOM: silly message
  1213 | D:2      | Noticed Terence
  1218 | D:2      | Reached skill level 1 in Invocations
  1240 | D:2      | Killed Terence
  1241 | D:2      | Reached skill level 1 in Long Blades
  1241 | D:2      | Reached skill level 1 in Axes
  1241 | D:2      | Reached skill level 1 in Maces & Flails
  1241 | D:2      | Reached skill level 1 in Polearms
  1241 | D:2      | Reached skill level 1 in Staves
  1241 | D:2      | Reached skill level 1 in Slings
  1241 | D:2      | Reached skill level 1 in Bows
  1241 | D:2      | Reached skill level 1 in Crossbows
  1241 | D:2      | Reached skill level 1 in Throwing
  1241 | D:2      | Reached skill level 1 in Stealth
  1241 | D:2      | Reached skill level 1 in Shields
  1241 | D:2      | Reached skill level 1 in Unarmed Combat
  1241 | D:2      | Reached skill level 1 in Spellcasting
  1241 | D:2      | Reached skill level 1 in Evocations
  1241 | D:2      | Reached XP level 4. HP: 4/41 MP: 5/5
  2042 | D:3      | Reached skill level 1 in Conjurations
  2042 | D:3      | Reached skill level 1 in Hexes
  2042 | D:3      | Reached skill level 1 in Summonings
  2042 | D:3      | Reached skill level 1 in Necromancy
  2042 | D:3      | Reached skill level 1 in Translocations
  2042 | D:3      | Reached skill level 1 in Transmutations
  2042 | D:3      | Reached skill level 1 in Fire Magic
  2042 | D:3      | Reached skill level 1 in Ice Magic
  2042 | D:3      | Reached skill level 1 in Air Magic
  2042 | D:3      | Reached skill level 1 in Earth Magic
  2042 | D:3      | Reached skill level 1 in Poison Magic
  2056 | D:3      | Reached XP level 5. HP: 45/47 MP: 6/6
  2088 | D:3      | XOM: silly message
  2579 | D:4      | XOM: confuse monster(s)
  2583 | D:4      | Noticed a glowing shapeshifter
  2583 | D:4      | an adder changed into a glowing shapeshifter
  2583 | D:4      | XOM: confuse monster(s)
  2583 | D:4      | Noticed a sea snake
  2583 | D:4      | a glowing shapeshifter changed into a sea snake
  2588 | D:4      | Mangled by a sea snake (glowing shapeshifter)

Illustrated notes

Levels and vault maps discovered:
D:1:      dpeg_arrival_subterranean_lakeside_camping, layout_basic
D:2:      layout_rooms, shapermc_ecumenical_altar_acropolis,
          minmay_crystal_water, uniq_terence
D:3:      kennysheep_slugbush, layout_loops_ring
D:4:      layout_cave_pools, cheibrodos_sewer_entry_bend

Skill      XL: |  1  2  3  4  5 |
---------------+----------------+-----
Invocations    | 1 |  1.7
Long Blades    | 1 |  1.5
Axes           | 1 |  1.5
Maces & Flails | 1 |  1.5
Polearms       | 1 |  1.5
Staves         | 1 |  1.5
Slings         | 1 |  1.5
Bows           | 1 |  1.5
Crossbows      | 1 |  1.5
Throwing       | 1 |  1.5
Stealth        | 1 |  1.5
Shields        | 1 |  1.5
Unarmed Combat | 1 |  1.5
Spellcasting   | 1 |  1.5
Evocations     | 1 |  1.5
Conjurations   | 1 |  1.2
Hexes          | 1 |  1.2
Summonings     | 1 |  1.2
Necromancy     | 1 |  1.2
Translocations | 1 |  1.2
Transmutations | 1 |  1.2
Fire Magic     | 1 |  1.2
Ice Magic      | 1 |  1.2
Air Magic      | 1 |  1.2
Earth Magic    | 1 |  1.2
Poison Magic   | 1 |  1.2
Dodging        | 3 |  3.0
Fighting       | |  6.7
Short Blades   | |  6.7
Armour         | |  4.8

Action                   |  1- 3 |  4- 6 || total
-------------------------+-------+-------++-------
Melee: Short sword       |   120 |   114 ||   234
       Bite              |    16 |    10 ||    26
       Punch             |     5 |     3 ||     8
 Stab: Paralysed         |     1 |     1 ||     2
       Petrifying        |       |     1 ||     1
       Sleeping          |       |     2 ||     2
Armor: Leather armour    |    53 |    50 ||   103
Dodge: Dodged            |    66 |    40 ||   106
